 Dungeon Crawl Stone Soup version 0.29.1-4-g47bece8355 (webtiles) character file.

Game seed: 5092160476023214309

263 kingsuperguy the Shooter (level 5, -2/45 HPs)
             Began as a Minotaur Hunter on Dec 2, 2022.
             Slain by a steam dragon (3 damage)
             ... on level 4 of the Dungeon.
             The game lasted 00:06:15 (3355 turns).

kingsuperguy the Shooter (Minotaur Hunter)          Turns: 3355, Time: 00:06:17

Health: -2/45      AC:  9    Str: 15    XL:     5   Next: 98%
Magic:  4/4        EV:  7    Int: 10    God:
Gold:   129        SH:  0    Dex: 16    Spells: 4/4 levels left

rFire   . . .      SeeInvis +   n - +6 falchion of Itofaeh {speed, Int+4 SInv}
rCold   . . .      Faith    .   (no shield)
rNeg    . . .      Spirit   .   t - +0 chain mail
rPois   .          Reflect  .   (helmet restricted)
rElec   .          Harm     .   (no cloak)
rCorr   .          Rampage  .   (no gloves)
Will    .....                   o - +0 pair of boots
Stlth   ..........              (no amulet)
HPRegen 0.15/turn               (no ring)
MPRegen 0.09/turn               (no ring)

@: no status effects
A: horns 2, retaliatory headbutt
a: no special abilities


You were on level 4 of the Dungeon.
You visited 1 branch of the dungeon, and saw 4 of its levels.

You collected 129 gold pieces.

Inventory:

Hand Weapons
 a - a +0 shortbow
 b - a +0 flail of protection
 n - the +6 falchion of Itofaeh (weapon) {speed, Int+4 SInv}
   (You found it on level 3 of the Dungeon)

   Attacks with this weapon are significantly faster.
   Int:       It affects your intelligence (+4).
   SInv:      It lets you see invisible.
Missiles
 e - 7 poisoned darts
 v - 2 javelins
Armour
 c - a +0 leather armour
 o - a +0 pair of boots (worn)
 t - a +0 chain mail (worn)
 w - a +1 robe of cold resistance
Magical Staves
 s - a staff of earth
Wands
 p - a wand of digging (2)
 r - a wand of paralysis (2)
Scrolls
 f - 3 scrolls of teleportation
 h - 2 scrolls of poison
 m - 2 scrolls of fog {unknown}
 q - 2 scrolls of identify {unknown}
 u - a scroll of noise {unknown}
Potions
 d - 2 potions of attraction {unknown}
 g - 4 potions of curing
 i - a potion of haste {unknown}
 k - a potion of might {unknown}
 l - 2 potions of magic {unknown}


   Skills:
 + Level 3.5 Fighting
 + Level 2.4 Long Blades
 + Level 6.4 Ranged Weapons
 * Level 2.2 Armour
 + Level 2.6 Dodging
 + Level 1.1 Stealth


You had 4 spell levels left.
You didn't know any spells.
Your spell library contained the following spells:

 Spells                   Type           Power      Damage    Failure   Level
 Apportation              Tloc           0%         N/A       100%        1
 Necrotise                Necr           0%         1d4       100%        1
 Summon Small Mammal      Summ           0%         N/A       100%        1
 Call Canine Familiar     Summ           0%         N/A       100%        3
 Summon Guardian Golem    Hex/Summ       0%         N/A       100%        3


Dungeon Overview and Level Annotations

Branches:
Dungeon (4/15)
 Temple: D:4-7

Altars:


Innate Abilities, Weirdness & Mutations

You have a pair of horns on your head.
You reflexively headbutt those who attack you in melee.


Message History

The iguana bites you but does no damage.
You hit the iguana. You headbutt the iguana.
The iguana is heavily wounded.
You hit the iguana.
The iguana is almost dead.
The steam dragon breathes steam at you. The ball of steam hits you!
The iguana barely misses you.
You slash the iguana!
You kill the iguana!
You are engulfed in a cloud of scalding steam.
The steam dragon bites you.
The steam dragon claws you but does no damage.
You slash the steam dragon!
The steam dragon is moderately wounded.
You are engulfed in a cloud of scalding steam.
The steam dragon completely misses you. The steam dragon closely misses you.
You hit the steam dragon but do no damage.
The steam dragon is moderately wounded.
You are engulfed in a cloud of scalding steam.
The steam dragon bites you but does no damage.
The steam dragon claws you but does no damage.
You hit the steam dragon. You headbutt the steam dragon.
The steam dragon is heavily wounded.
You are engulfed in a cloud of scalding steam.
* * * LOW HITPOINT WARNING * * *
You feel much better. The steam dragon barely misses you.
The steam dragon claws you but does no damage.
You barely miss the steam dragon.
The steam dragon is heavily wounded.
The steam dragon breathes steam at you. The ball of steam hits you!!
* * * LOW HITPOINT WARNING * * *
You hit the steam dragon. You headbutt the steam dragon.
The steam dragon is heavily wounded.
You are engulfed in a cloud of scalding steam.
A phantom comes into view.
The steam dragon bites you!
* * * LOW HITPOINT WARNING * * *
The steam dragon claws you.
You die...

#.# #........# #.#
#.#####..# #.# ### #
#..# #.# #...#
...####..# #.#
#.#.###.#......... #.#
#.#.....#.#......# #.#
#.....# #.##...#
#.##############.D.#
#.###...
#...............@..#
..$....
################.....#
.###..# ##......#
.###..# .##W###
......# .# # ##.#.. .#
.###. .# ###.#.. ..
....... #######


You could see a steam dragon (catching breath) and a phantom.

Vanquished Creatures
  Ijyb (D:3)
  Terence (D:2)
  An iguana (D:4)
  Robin (D:3)
  4 adders
  4 gnolls (D:2)
  3 worms
  2 dart slugs
  5 orcs
  10 endoplasms
  3 giant cockroaches
  11 goblins
  9 hobgoblins
  2 jackals (D:1)
  4 kobolds
  3 quokkas (D:1)
  8 ball pythons
  6 frilled lizards
  6 rats
84 creatures vanquished.

Notes
Turn   | Place    | Note
-------+----------+-------------------------------------------
     0 | D:1      | kingsuperguy the Minotaur Hunter began the quest for the
                  | Orb.
     0 | D:1      | Reached XP level 1. HP: 18/18 MP: 0/0
   193 | D:1      | Reached XP level 2. HP: 24/25 MP: 1/1
   195 | D:1      | Reached skill level 5 in Ranged Weapons
   860 | D:2      | Found a faded altar of an unknown god.
   891 | D:2      | Reached XP level 3. HP: 17/30 MP: 2/2
  1451 | D:2      | Noticed Terence
  1464 | D:2      | Reached skill level 1 in Armour
  1475 | D:2      | Reached XP level 4. HP: 19/38 MP: 3/3
  1490 | D:2      | Killed Terence
  1491 | D:2      | Reached skill level 6 in Ranged Weapons
  2144 | D:3      | Identified the +6 falchion of Itofaeh {speed, Int+4 SInv}
  2156 | D:3      | Reached XP level 5. HP: 45/45 MP: 4/4
  2395 | D:3      | Noticed Robin
  2408 | D:3      | Killed Robin
  2533 | D:3      | Noticed Ijyb
  2545 | D:3      | Killed Ijyb
  2546 | D:3      | Reached skill level 1 in Stealth
  2590 | D:3      | Reached skill level 1 in Long Blades
  3343 | D:4      | Noticed a steam dragon
  3355 | D:4      | Noticed a phantom
  3355 | D:4      | HP: 1/45 [steam dragon (9)]
  3355 | D:4      | Slain by a steam dragon

Illustrated notes

Levels and vault maps discovered:
D:1:      minmay_arrival_four_houses, layout_loops_ring, minmay_misc_feat_rows
D:2:      layout_basic, basic_ecumenical_altar, kennysheep_generic_room_4,
          uniq_terence
D:3:      minmay_chambers_of_twos, layout_loops_ring, minmay_cut_off,
          uniq_robin, uniq_ijyb
D:4:      layout_loops_ring, cheibrodos_sewer_entry_bend

Skill      XL: |  1  2  3  4  5 |
---------------+----------------+-----
Ranged Weapons | 5 6 |  6.4
Fighting       | 3 |  3.5
Armour         | 1 2 |  2.2
Stealth        | 1 |  1.1
Long Blades    | 2 |  2.4
Dodging        | |  2.6

Action                   |  1- 3 |  4- 6 || total
-------------------------+-------+-------++-------
Melee: Shortbow          |     2 |       ||     2
       Headbutt          |     1 |    15 ||    16
       Falchion          |       |    85 ||    85
 Fire: Shortbow          |    89 |    20 ||   109
  Use: Scroll            |     4 |       ||     4
       Potion            |     2 |     1 ||     3
Armor: Leather armour    |     6 |    14 ||    20
       Chain mail        |       |    12 ||    12
Dodge: Dodged            |    34 |    38 ||    72
